AoeStats
← tony le gros rou

Arabia

506457615Analyzed
1v1 RM · 18d ago on Sep 13, 2026· 21m 23s· 2 players
Game mode
Random Map
Map size
Tiny (2 player)
Population
200
Speed
Normal
Resources
Standard
Victory
Conquest
Starting age
Dark Age
Ending age
Imperial Age
RankedLock teamsTeams togetherTeam positionsShared explorationLock speedFull tech treeHidden civsTurbo modeCheats
Victory
Defeat
🇫🇷 Malay · France
1147
+15
🇦🇷 Cumans · Argentina
1122
-15
Luis_XII
2:59 Loom
10:01 Feudal Age
10:32 Double-Bit Axe
10:27 Horse Collar
tony le gros rou
6:45 Loom
9:20 Feudal Age
12:07 Fletching
22:03 Castle Age
21:09 Crossbowman
Connection lost

Rejoining the realm…

Still unreachable

The connection could not be restored.

Session expired

The server has moved on; the page needs a fresh start.